 Dungeon Crawl Stone Soup version 0.31-a0-185-g9dded2c639 (webtiles) character file.

Game seed: 17919076477996710664

79 qw the Shooter (level 4, 0/25 HPs)
             Began as a Deep Elf Hunter on June 22, 2023.
             Slain by a goblin
             ... wielding a +0 dagger
             ... led by Robin
              (5 damage)
             ... on level 3 of the Dungeon.
             The game lasted 00:00:33 (1614 turns).

qw the Shooter (Deep Elf Hunter)                    Turns: 1614, Time: 00:00:34

Health: 0/25       AC:  6    Str: 10    XL:     4   Next: 16%
Magic:  6/6        EV: 11    Int: 14    God:
Gold:   69         SH:  0    Dex: 18    Spells: 3/3 levels left

rFire   . . .        Y - +0 shortbow
rCold   . . .        (shield currently unavailable)
rNeg    . . .        d - +0 ring mail
rPois   .            (no helmet)
rElec   .            e - +0 cloak
rCorr   .            (no gloves)
SInv    .            (no boots)
Will    .....        (no amulet)
Stlth   +            (no ring)
HPRegen 0.24/turn    (no ring)
MPRegen 0.10/turn

%: no passive effects
@: lethally poisoned (0 -> -4)
A: no striking features
a: no special abilities


You were on level 3 of the Dungeon.
You visited 1 branch of the dungeon, and saw 3 of its levels.

You collected 108 gold pieces.
You spent 39 gold pieces at shops.


   Skills:
 - Level 1.5 Fighting
 + Level 7.6 Ranged Weapons
 - Level 2.4 Dodging
 - Level 1.2 Stealth


You had 3 spell levels left.
You didn't know any spells.
Your spell library was empty.

Inventory:

Hand Weapons
 Y - a +0 shortbow (weapon)
Armour
 d - a +0 ring mail (worn)
 e - a +0 cloak (worn)
Scrolls
 a - 2 scrolls of identify
 c - a scroll of enchant weapon {unknown}
Potions
 b - 2 potions of curing
 f - a potion of mutation {unknown}
 g - a potion of degeneration {unknown}
 i - a potion of brilliance {unknown}

Dungeon Overview and Level Annotations

Branches:
Dungeon (3/15)

Altars:
Uskayaw
Zin

Shops:
D:2 =(!:

Annotations:
D:3 Robin


Message History

You shoot an arrow. The arrow hits the ball python.
You kill the ball python!
The adder barely misses you.
Robin of the Strong Arm comes into view.
They are wielding a +0 mace.
The hobgoblin barely misses you.
A goblin comes into view. It is wielding a +0 club.
The goblin hits you with a +0 dagger.
You shoot an arrow.
The arrow hits the hobgoblin but does no damage.
The hobgoblin is almost dead.
The adder completely misses you. The orc hits you but does no damage.
The hobgoblin hits you. The goblin barely misses you.
The adder closely misses you.
You shoot an arrow. The arrow barely misses the hobgoblin.
The arrow hits Robin.
Robin is lightly wounded.
A goblin comes into view. It is wielding a +0 dagger.
The orc hits you but does no damage.
Robin roars a battlecry!
The goblins go into a battle-frenzy!
The goblin barely misses you. The adder barely misses you.
You hear a shout! x2
You shoot an arrow.
The arrow hits the hobgoblin but does no damage.
The hobgoblin is almost dead.
You hear a shout!
The adder bites you.
You are poisoned.
The adder poisons you!
A hobgoblin comes into view.
The orc closely misses you. The hobgoblin misses you.
The goblin hits you but does no damage. The adder completely misses you.
The orc closely misses you. Robin hits you with a +0 mace.
The goblin hits you but does no damage. The hobgoblin hits you.
A goblin comes into view. It is wielding a +0 dagger.
You shoot an arrow. The arrow barely misses the hobgoblin.
You feel sick. The adder barely misses you. Robin hits you with a +0 mace.
The hobgoblin barely misses you.
A hobgoblin comes into view.
The orc barely misses you. The goblin hits you with a +0 dagger.
You die...

.....#####...
.:.......#.#.
........#... .......###.
#........
#############.......
.g.................
#######g...............>
)ggg)go@g........#......
#.###g#gS......<.#####..
.. #.......#### #.. .._
#..###### #.. #.. #..#
#.. #. #..# #.. . ..##
##. ##.# #######+ ..#
........


You could see Robin, an adder, an orc, 4 hobgoblins and 4 goblins.

Vanquished Creatures
  4 adders
  A worm (D:2)
  3 orcs (D:3)
  4 endoplasms
  A giant cockroach (D:3)
  5 goblins
  A hobgoblin (D:2)
  5 kobolds
  A quokka (D:2)
  4 ball pythons
  2 bats (D:2)
  3 frilled lizards
  A rat (D:2)
35 creatures vanquished.

Notes
Turn   | Place    | Note
-------+----------+-------------------------------------------
     0 | D:1      | qw the Deep Elf Hunter began the quest for the Orb.
     0 | D:1      | Reached XP level 1. HP: 12/12 MP: 3/3
     0 | D:1      | 0 ||| qw: Version: 0.3-a-9-g12657ce
     0 | D:1      | 0 ||| qw: Game counter: 1760
     0 | D:1      | 0 ||| qw: Always use a shield: true
     0 | D:1      | 0 ||| qw: God list: Okawaru
     0 | D:1      | 0 ||| qw: Allow faded altars: false
     0 | D:1      | 0 ||| qw: Do Orc after D:15 true
     0 | D:1      | 0 ||| qw: Do second Lair branch before Depths: true
     0 | D:1      | 0 ||| qw: Lair rune preference: random
     0 | D:1      | 0 ||| qw: Plans: Normal
     0 | D:1      | 0 ||| PLANNING D:1-11
   187 | D:1      | Reached XP level 2. HP: 16/16 MP: 4/4
   305 | D:1      | Reached skill level 6 in Ranged Weapons
   637 | D:1      | 637 ||| UPGRADING to +0 ring mail.
   647 | D:1      | 647 ||| DROPPING +0 leather armour.
   648 | D:1      | 648 ||| UPGRADING to +0 cloak.
   653 | D:1      | 653 ||| READING scroll labelled DUCKAT TOATAUN.
   654 | D:1      | 654 ||| READING scroll labelled QAPHUY QUDEWN.
   655 | D:1      | 655 ||| READING scroll labelled KEFAIWETYMM.
   656 | D:1      | 656 ||| DROPPING scroll of butterflies.
   806 | D:2      | Reached XP level 3. HP: 19/20 MP: 5/5
   853 | D:2      | Found Raijemed's Distillery.
   861 | D:2      | 861 ||| BUYING potion of curing (39 gold).
   861 | D:2      | Bought a potion of curing for 39 gold pieces
   861 | D:2      | 861 ||| SHOPLISTING potion of enlightenment (65 gold, have
                  | 14).
   861 | D:2      | 861 ||| SHOPLISTING potion of heal wounds (65 gold, have
                  | 14).
   861 | D:2      | 861 ||| SHOPLISTING potion of might (52 gold, have 14).
   861 | D:2      | 861 ||| SHOPLISTING potion of resistance (130 gold, have
                  | 14).
   911 | D:2      | Found Epeqer's Book Boutique.
  1031 | D:2      | Found Wocainta's Jewellery Emporium.
  1046 | D:2      | 1046 ||| SHOPLISTING amulet of reflection (330 gold, have
                  | 23).
  1046 | D:2      | 1046 ||| SHOPLISTING ring "Kyjeex" {Fire rPois} (398 gold,
                  | have 23).
  1046 | D:2      | 1046 ||| SHOPLISTING ring of fire (275 gold, have 23).
  1046 | D:2      | 1046 ||| SHOPLISTING ring of resist corrosion (220 gold,
                  | have 23).
  1200 | D:2      | Reached skill level 7 in Ranged Weapons
  1321 | D:2      | Found Xufuch's Weapon Shoppe.
  1357 | D:2      | 1357 ||| DROPPING ring of magical power.
  1358 | D:2      | 1358 ||| READING 2 scrolls labelled IFYPPE FAUME.
  1359 | D:2      | 1359 ||| READING scroll labelled VIEN PO JOISO.
  1512 | D:3      | Found a hide-covered altar of Uskayaw.
  1527 | D:3      | Reached XP level 4. HP: 21/25 MP: 6/6
  1598 | D:3      | Found a glowing silver altar of Zin.
  1610 | D:3      | Noticed Robin
  1614 | D:3      | HP: 5/25 [Robin/+0 mace (5)]
  1614 | D:3      | Slain by a goblin

Levels and vault maps discovered:
D:1:      noname_arrival_rooms_in_the_neighbourhood, layout_basic
D:2:      layout_basic, serial_shops, nicolae_shop_industrial_runoff, shop,
          nicolae_shop_tiny_waterfront, nicolae_book_shop_shelving
D:3:      layout_basic, mainiacjoe_overflow_cross_hatched,
          eat_drink_and_be_merry_uskayaw, chequers_ecumenical_altar_twisty,
          small_statue_intersection, uniq_robin

Skill      XL: |  1  2  3 |
---------------+----------+-----
Ranged Weapons | 6 7 |  7.6
Fighting       | |  1.5
Dodging        | |  2.4
Stealth        | |  1.2

Action                     |  1- 3 |  4- 6 || total
---------------------------+-------+-------++-------
   Fire: Shortbow          |    90 |    27 ||   117
    Use: Scroll            |     5 |       ||     5
 Armour: Ring mail         |    11 |     6 ||    17
  Dodge: Dodged            |    13 |    16 ||    29

Table legend:
 A = Non-vault XP
 B = Vault XP
 C = Vault XP percentage of total XP
 D = Non-vault monster count
 E = Vault monster count
 F = Vault count percentage of total count
                 A         B        C        D         E       F
            +---------+---------+-------+---------+---------+-------
      Total |     113 |       0 |   0.0 |      35 |       0 |   0.0
            +---------+---------+-------+---------+---------+-------
        D:1 |      20 |       0 |   0.0 |      11 |       0 |   0.0
        D:2 |      48 |       0 |   0.0 |      12 |       0 |   0.0
        D:3 |      45 |       0 |   0.0 |      12 |       0 |   0.0
            +---------+---------+-------+---------+---------+-------
